 Dungeon Crawl Stone Soup version 0.22-b1-26-g9dbaab1 (webtiles) character file.

254 Goblin1989 the Cutter (level 5, -11/43 HPs)
             Began as a Demonspawn Wanderer on Aug 6, 2018.
             Was an Initiate of Gozag.
             Mangled by an ogre
             ... wielding a +0 giant spiked club
              (24 damage)
             ... on level 5 of the Dungeon.
             The game lasted 00:08:48 (4331 turns).

Goblin1989 the Cutter (Demonspawn Wanderer)         Turns: 4331, Time: 00:08:49

Health: -11/43     AC:  3    Str: 10    XL:     5   Next: 90%
Magic:  6/6        EV: 11    Int: 16    God:    Gozag
Gold:   126        SH:  0    Dex: 13    Spells: 5/6 levels left

rFire    . . .     SeeInvis .   n - +0 rapier
rCold    . . .     Gourm    .   (no shield)
rNeg     . . .     Faith    .   d - +0 robe
rPois    .         Spirit   .   (no helmet)
rElec    .         Reflect  .   (no cloak)
rCorr    .         Harm     .   (no gloves)
MR       .....                  x - +0 pair of boots
Stlth    +++.......             (no amulet)
HPRegen  0.14/turn              (no ring)
MPRegen  0.10/turn              (no ring)

@: no status effects
A: hooves 2, nightstalker 1, powered by death 1
a: Potion Petition, Call Merchant, Bribe Branch, Renounce Religion


You were on level 5 of the Dungeon.
You worshipped Gozag.
Gozag was aware of your devotion.
You were hungry.

You visited 2 branches of the dungeon, and saw 6 of its levels.

You collected 171 gold pieces.
You paid 45 gold pieces to Gozag.

Inventory:

Hand Weapons
 c - a +0 spear
 i - a +0 short sword
 n - a +0 rapier (weapon)
 r - a +1 vampiric dagger
Armour
 d - a +0 robe (worn)
 x - a +0 pair of boots (worn)
Jewellery
 y - an uncursed ring of ice {unknown}
Scrolls
 f - 4 scrolls of teleportation {unknown}
 h - 2 scrolls of remove curse {unknown}
 k - a scroll of noise {unknown}
 l - a scroll of blinking {unknown}
 p - 6 scrolls of identify {unknown}
 s - 2 scrolls of immolation {unknown}
 v - a scroll of fog {unknown}
 w - a scroll of magic mapping {unknown}
 A - a scroll of amnesia {unknown}
 B - a scroll of enchant armour {unknown}
Potions
 j - a potion of curing {unknown}
 m - a potion of ambrosia {unknown}
 u - a potion of invisibility {unknown}
 z - a potion of mutation {unknown}
Miscellaneous
 a - a box of beasts
Comestibles
 e - 5 rations


   Skills:
 - Level 4.5 Fighting
 + Level 4.9 Short Blades
 - Level 1.0 Throwing
 - Level 1.0 Stealth
 - Level 1.0 Spellcasting
   Level 1.1 Necromancy
   Level 1.0 Poison Magic
 - Level 1.0 Evocations


You had 5 spell levels left.
You knew the following spells:

 Your Spells              Type           Power        Failure   Level  Hunger
o - Apportation           Tloc           #.....       22%         1    ##.....

Your spell library contained the following spells:

 Spells                   Type           Power        Failure   Level  Hunger
 Gell's Gravitas          Tloc           #.........   56%         3    ####...


Dungeon Overview and Level Annotations

Branches:
Dungeon (5/15)             Temple (1/1) D:4

Altars:
Ashenzari
Cheibriados
Dithmenos
Elyvilon
Fedhas
Gozag
Hepliaklqana
Makhleb
Nemelex Xobeh
Okawaru
Ru
Sif Muna
Trog
Uskayaw
Vehumet
Wu Jian
Xom
Zin
The Shining One

Shops:
D:4 [


Innate Abilities, Weirdness & Mutations

You have hoof-like feet.
You are slightly more attuned to the shadows.
You regenerate a little health from kills.


Message History

No target in view!
No target in view!
No target in view!
No target in view!
No target in view!
No target in view!
No target in view!
No target in view!
No target in view!
No target in view!
No target in view!
You now have 122 gold pieces (gained 7).
You open the door.
There is an open door here.
p - 6 scrolls labeled QIOWOGHUWYO (gained 1)
There is an open door here.
Key pressed, stopping explore.
You enter the shallow water.
Moving in this stuff is going to be slow.
All of the chunks of flesh in your inventory have rotted away.
Found an escape hatch in the ceiling.
You now have 126 gold pieces (gained 4).
Key pressed, stopping explore.
Found a stone staircase leading down.
There is a stone staircase leading down here.
Key pressed, stopping explore.
There is an open door here.
You are feeling hungry.
Found a stone staircase leading up.
As you open the door, it creaks loudly!
There is an open door here.
Done exploring.
Done exploring.
(D) Dungeon (T) Temple
Where to? (Enter - D:4, ? - help)
There is a stone staircase leading down here.
You climb downwards.
You hear the hiss of flowing sand.
There is an entrance to an ossuary on this level.
Hurry and find it before the portal is buried!
An ogre comes into view. It is wielding a giant spiked club.
Found a stone staircase leading down.
There is a stone staircase leading up here.
Unknown command.
A crimson imp comes into view.
The ogre hits you with a giant spiked club!!
Ouch! That really hurt!
* * * LOW HITPOINT WARNING * * *
You are too injured to fight recklessly!
You are too injured to fight recklessly!
You take 31 damage, and have 12/43 hp.
MASSIVE DAMAGE!!
You are too injured to fight recklessly!
You are too injured to fight recklessly!
You are too injured to fight recklessly!
You are too injured to fight recklessly!
You are too injured to fight recklessly!
You are too injured to fight recklessly!
You are too injured to fight recklessly!
You are too injured to fight recklessly!
You are too injured to fight recklessly!
You are too injured to fight recklessly!
You are too injured to fight recklessly!
You are too injured to fight recklessly!
You are too injured to fight recklessly!
You are too injured to fight recklessly!
You are too injured to fight recklessly!
You are too injured to fight recklessly!
You are too injured to fight recklessly!
You are too injured to fight recklessly!
You are too injured to fight recklessly!
You are too injured to fight recklessly!
You are too injured to fight recklessly!
You are too injured to fight recklessly!
You hit the ogre.
The ogre is lightly wounded.
You hit the ogre but do no damage.
The ogre is lightly wounded.
The ogre closely misses you.
You puncture the ogre!
The ogre is heavily wounded.
The ogre completely misses you.
You completely miss the ogre.
The ogre is heavily wounded.
The crimson imp blinks!
You hit the ogre but do no damage.
The ogre is heavily wounded.
The ogre misses you.
You hit the ogre.
The ogre is heavily wounded.
The ogre barely misses you.
You hit the ogre.
The ogre is heavily wounded.
You hit the ogre.
The ogre is severely wounded.
The ogre barely misses you.
You hit the ogre.
The ogre is severely wounded.
The ogre hits you with a giant spiked club!!
Ouch! That really hurt!
You die...
Your body crumbles into a pile of gold.

$
████...████
....5....
.......
....)
█...█████
█..O.....
█.@.█
███...███
█.....>.█
█.█...█.██.
█.█.<......
█ ██..?....
........
$......██.
..$......


You could see an ogre and a crimson imp.

Vanquished Creatures
  An ogre (D:3)
  A bullfrog skeleton (D:4)
  A worker ant (D:4)
  5 adders
  An ooze (D:2)
  A worm (D:3)
  4 dart slugs
  2 orcs
  2 bats (D:2)
  2 giant cockroaches (D:1)
  8 goblins
  8 hobgoblins
  2 jackals (D:3)
  3 quokkas
  A ball python (D:3)
  6 frilled lizards
  9 kobolds
  A leopard gecko skeleton (D:4)
  A quokka skeleton (D:4)
  7 rats
66 creatures vanquished.

Notes
Turn   | Place    | Note
-------+----------+-------------------------------------------
     0 | D:1      | Goblin1989 the Demonspawn Wanderer began the quest for the Orb.
     0 | D:1      | Goblin1989 set off with: a box of beasts, a +0 spear, a +0 robe, a ration
     0 | D:1      | Reached XP level 1. HP: 19/19 MP: 2/2
   436 | D:1      | Gained mutation: You regenerate a little health from kills. [demonic ancestry]
   436 | D:1      | Reached XP level 2. HP: 26/26 MP: 3/3
   541 | D:1      | Learned a level 1 spell: Apportation
  1024 | D:2      | Reached skill level 1 in Short Blades
  1209 | D:2      | Gained mutation: You have large cloven feet. [demonic ancestry]
  1209 | D:2      | Reached XP level 3. HP: 21/31 MP: 4/4
  1685 | D:2      | Found a white marble altar of Elyvilon.
  2289 | D:3      | Found an iron altar of Okawaru.
  2291 | D:3      | Found a shadowy altar of Dithmenos.
  2443 | D:3      | Gained mutation: You are slightly more attuned to the shadows. [demonic ancestry]
  2443 | D:3      | Reached XP level 4. HP: 38/38 MP: 5/5
  2992 | D:3      | Noticed an ogre
  3004 | D:3      | Killed an ogre
  3004 | D:3      | Gained mutation: You have hoof-like feet. [demonic ancestry]
  3004 | D:3      | Reached XP level 5. HP: 31/43 MP: 6/6
  3915 | D:4      | Found Acziwn's Antique Armour Emporium.
  3965 | D:4      | Found a staircase to the Ecumenical Temple.
  3979 | Temple   | Entered the Ecumenical Temple
  4060 | Temple   | Became a worshipper of Gozag Ym Sagoz the Greedy
  4318 | D:5      | Entered Level 5 of the Dungeon
  4318 | D:5      | Noticed an ogre
  4331 | D:5      | Mangled by an ogre

Skill      XL: |  1  2  3  4 |
---------------+-------------+-----
Short Blades   | 1 2 4 |  4.9
Fighting       | |  4.5
Throwing       | |  1.0
Stealth        | |  1.0
Spellcasting   | |  1.0
Necromancy     | |  1.1
Poison Magic   | |  1.0
Evocations     | |  1.0

Action                   |  1- 3 |  4- 6 || total
-------------------------+-------+-------++-------
Melee: Spear             |    31 |       ||    31
       Short sword       |    47 |       ||    47
       Rapier            |    54 |    88 ||   142
       Kick              |     8 |    15 ||    23
 Stab: Sleeping          |     6 |     6 ||    12
  Eat: Chunk             |     5 |     5 ||    10
Armor: Robe              |    15 |     7 ||    22
Dodge: Dodged            |    75 |    37 ||   112

Vault maps used:
D:1:      minmay_arrival_open_corners
D:2:      elyvilon_altar_3
D:3:      nicolae_overflow_hidden_temple, st_stairs_8, minmay_close_crescents
D:4:      minmay_temple_entry_mist, serial_shops, shop
D:5:      kiku_gazebo_garden_becter, first_ration, serial_shops, shop,
          ebering_ghost_sewer_f, enter_ossuary_3, grunt_ministairs_9, uniq_pikel
Temple:   regret_index_temple_mists
